Map: 여명 - 래더 (공허의 유산)

Players

Scarlett

  • Race: Zerg Zerg
  • Spawn Location: 7:00

Maru - Winner!

  • Race: Terran Terran
  • League: Diamond
  • Spawn Location: 1:00

Event: WESG 2016 Finals

VOD

https://www.youtube.com/watch?v=ADxkCLijfCg

Description

Time

  • Played on: Jan. 13, 2017, 11:59 p.m.
  • Length: 13:44

All games in this series

Show
View Real Time Build Order
Export as new Build Order

Scarlett Zerg 

Build Orders: Pool First 

Get SALT Encoding   

  12  0:00  Drone  
  13  0:12  Overlord  
  13  0:18  Drone  
  14  0:31  Drone x2  
  16  0:36  Drone  
  17  0:45  Extractor, Drone  
  17  0:51  Spawning Pool  
  16  0:57  Drone  
  17  1:15  Hatchery  
  16  1:19  Drone  
  16  1:22  Drone  
  18  1:28  Drone  
  19  1:38  Queen  
  21  1:42  Zergling x2  
  22  1:48  Metabolic Boost  
  22  1:55  Overlord  
  22  2:14  Queen  
  22  2:15  Drone x2  
  26  2:31  Drone x2, Queen  
  30  2:40  Drone  
  30  2:41  Drone  
  32  2:45  Evolution Chamber  
  31  2:52  Overlord  
  31  2:54  Zergling x6  
  34  2:59  Overlord  
  33  3:12  Zerg Ground Armor Level 1, Zergling x2  
  34  3:13  Zergling x2  
  34  3:14  Zergling x2  
  36  3:23  Zergling x2  
  36  3:24  Zergling x6  
  40  3:37  Drone x3  
  43  3:47  Drone  
  43  3:48  Drone x3  
  47  3:52  Drone x2  
  49  3:58  Drone x2  
  49  3:59  Drone  
  52  4:07  Hatchery  
  51  4:12  Overlord  
  51  4:18  Drone  
  51  4:31  Drone  
  51  4:32  Drone x2  
  51  4:38  Baneling Nest  
  52  4:40  Drone  
  52  4:41  Drone x7  
  59  4:50  Queen  
  60  4:55  Overlord  
  60  4:59  Overlord  
  60  5:06  Zerg Melee Weapons Level 1  
  60  5:11  Extractor  
  60  5:13  Drone, Queen  
  62  5:15  Extractor  
  62  5:16  Drone x5  
  62  5:17  Zergling x2  
  62  5:18  Zergling x2  
  62  5:21  Zergling x2  
  68  5:26  Queen  
  68  5:27  Overlord  
  68  5:28  Lair  
  70  5:38  Drone x3  
  70  5:39  Overlord x3  
  73  5:50  Baneling x4  
  73  5:51  Baneling x4  
  73  5:52  Zergling x14  
  80  5:57  Queen  
  80  5:59  Overlord  
  82  6:19  Zergling x12  
  87  6:27  Centrifical Hooks  
  87  6:29  Zergling x2  
  87  6:30  Zergling x10  
  92  6:44  Overlord  
  92  6:45  Zergling x14  
  92  6:46  Zergling x2  
  98  6:53  Hatchery  
  97  6:54  Zergling x2  
  97  6:55  Zergling x2  
  97  7:01  Zerg Melee Weapons Level 2  
  98  7:02  Overseer, Zergling x8  
  98  7:03  Overseer  
  98  7:07  Zergling x2  
  98  7:08  Zergling x6  
  106  7:18  Baneling x9  
  106  7:20  Zergling x8  
  110  7:29  Zergling x14  
  117  7:32  Baneling x4  
  117  7:43  Zergling x2  
  117  7:44  Zergling x12  
  118  7:46  Baneling  
  108  7:53  Zergling x14  
  108  7:56  Extractor  
  107  8:03  Drone  
  107  8:04  Drone x5  
  111  8:10  Overlord  
  111  8:11  Queen  
  109  8:18  Hatchery  
  99  8:23  Zergling x20  
  109  8:27  Zergling x2, Burrow  
  109  8:32  Overseer  
  110  8:36  Zergling x16  
  118  8:47  Baneling x3  
  118  8:48  Baneling x12  
  118  8:51  Zergling x2  
  118  8:55  Overlord x4  
  115  9:05  Zergling x10  
  115  9:07  Baneling x6  
  118  9:12  Baneling  
  118  9:13  Baneling  
  106  9:35  Zergling x2  
  106  9:36  Zergling x16  
  106  9:46  Zerg Ground Armor Level 2  
  106  9:47  Zergling x30  
  106  9:48  Zergling x2  
  106  9:52  Zergling x2  
  123  9:57  Queen  
  123  10:09  Baneling x3  
  123  10:10  Baneling x7  
  123  10:12  Hatchery, Zergling x10  
  121  10:20  Drone x16, Zergling x2  
  121  10:21  Zergling x6  
  118  10:37  Zergling x10  
  89  10:55  Queen  
  86  10:58  Zergling x18  
  92  11:09  Drone x3  
  94  11:15  Spawning Pool  
  90  11:30  Baneling x13  
  89  11:47  Baneling x9  
  89  11:58  Baneling x2  
  89  11:59  Baneling x2  
  64  12:14  Zergling x2  
  64  12:15  Zergling x22  
  69  12:22  Queen  
  64  12:28  Zergling x22  
  73  12:34  Baneling x3  
  63  12:53  Zergling x14  
  63  12:54  Baneling  
  63  12:55  Baneling x4  
  63  12:58  Drone x10  
  64  13:13  Drone x6  
  61  13:20  Drone  
  61  13:21  Drone x5  
  69  13:27  Zergling x4  
Show
View Real Time Build Order
Export as new Build Order

Maru Terran - Winner!

Build Orders: Reaper Expand, MMM Bio 

Get SALT Encoding   

  12  0:00  SCV  
  13  0:12  SCV  
  14  0:17  Supply Depot  
  14  0:24  SCV  
  15  0:39  SCV  
  15  0:41  Barracks  
  16  0:44  Refinery  
  16  0:51  SCV  
  17  1:03  SCV  
  18  1:15  SCV  
  19  1:29  Orbital Command, Reaper  
  20  1:41  Command Center  
  20  1:54  Barracks, SCV  
  21  2:01  Barracks Reactor  
  21  2:05  Supply Depot  
  21  2:09  SCV  
  21  2:14  Refinery  
  22  2:21  SCV  
  23  2:29  Factory  
  23  2:34  SCV  
  24  2:38  Marine x2  
  24  2:42  Barracks Tech Lab  
  26  2:46  SCV  
  27  2:56  Marine x2  
  27  2:58  SCV  
  30  3:00  Stimpack  
  30  3:10  SCV  
  30  3:11  Marine  
  31  3:14  Marine x2  
  31  3:19  Orbital Command  
  33  3:27  Starport  
  33  3:29  SCV  
  33  3:30  Factory Reactor  
  34  3:35  Marine  
  34  3:36  Marine  
  34  3:38  Marine  
  37  3:42  SCV  
  37  3:47  SCV  
  38  3:48  Orbital Command  
  38  3:53  Marine x2  
  39  3:55  Marine  
  39  3:58  SCV  
  39  4:02  Engineering Bay  
  40  4:10  SCV  
  40  4:14  SCV  
  42  4:17  Marine  
  42  4:18  Medivac  
  45  4:30  Supply Depot  
  45  4:33  Marine x2  
  45  4:35  Terran Infantry Weapons Level 1  
  46  4:39  Liberator  
  46  4:45  Supply Depot, SCV  
  46  4:46  SCV  
  46  4:51  Medivac  
  48  4:54  Engineering Bay  
  48  4:58  SCV  
  52  5:04  Supply Depot  
  52  5:06  SCV  
  53  5:09  Combat Shields  
  53  5:12  Marine  
  53  5:13  Marine  
  55  5:16  SCV  
  55  5:17  Marine  
  55  5:21  SCV  
  58  5:24  Terran Infantry Armor Level 1  
  58  5:27  Supply Depot  
  58  5:30  Marine  
  58  5:34  SCV x2  
  61  5:37  Marine  
  61  5:39  Marine  
  63  5:46  SCV  
  63  5:47  Marine, SCV  
  66  5:50  Medivac  
  66  5:53  Supply Depot  
  66  5:55  Marine  
  69  5:57  Marine  
  69  5:58  SCV  
  69  5:59  SCV  
  72  6:05  Marine  
  72  6:10  SCV  
  72  6:11  SCV  
  75  6:13  Marine  
  75  6:15  Marine  
  75  6:16  Command Center  
  77  6:23  Marine  
  78  6:27  SCV  
  78  6:29  Supply Depot  
  78  6:31  Marine  
  80  6:33  Marine  
  80  6:34  SCV  
  80  6:36  Supply Depot  
  80  6:38  Medivac  
  80  6:39  SCV  
  85  6:41  Marine  
  86  6:48  Refinery x2  
  86  6:51  Marine, SCV x2  
  89  6:55  Armory  
  89  7:03  Liberator, SCV x2  
  89  7:06  Factory Reactor  
  89  7:08  Barracks  
  91  7:13  Widow Mine  
  91  7:15  Barracks, SCV  
  94  7:16  SCV  
  94  7:18  Bunker  
  98  7:27  SCV  
  98  7:28  SCV  
  100  7:31  Supply Depot  
  100  7:33  Orbital Command  
  100  7:34  Marine  
  99  7:44  Marine x2  
  101  7:52  Marine  
  101  7:56  SCV  
  101  7:58  Terran Infantry Weapons Level 2  
  103  7:59  Supply Depot  
  103  8:00  Supply Depot  
  103  8:01  Terran Infantry Armor Level 2  
  103  8:02  Marine  
  104  8:08  Unknown x2  
  101  8:13  Marine  
  101  8:14  Barracks Reactor x2  
  101  8:15  SCV  
  101  8:16  SCV  
  101  8:19  Barracks  
  101  8:29  Supply Depot  
  101  8:32  Factory Reactor  
  101  8:33  Medivac x2  
  105  8:35  SCV x2  
  107  8:42  Orbital Command  
  107  8:43  Supply Depot, Marine x2  
  107  8:44  Marine  
  107  8:46  Liberator  
  110  8:49  SCV  
  111  8:56  Marine x4  
  111  9:00  Supply Depot  
  111  9:01  Marine  
  119  9:11  SCV x2  
  119  9:13  Marine x3  
  119  9:14  Marine  
  125  9:17  Marine x2  
  125  9:18  Orbital Command  
  125  9:22  Marine  
  128  9:28  Marine  
  128  9:30  Marine  
  128  9:31  Marine x2  
  117  9:33  Marine  
  117  9:35  Marine x2  
  117  9:37  SCV  
  116  9:39  SCV  
  117  9:47  Supply Depot x2  
  117  9:54  Barracks Reactor  
  117  9:58  Liberator x2  
  117  10:08  SCV x3  
  117  10:12  Marine x3  
  123  10:19  Terran Infantry Weapons Level 3  
  123  10:21  SCV x3  
  129  10:25  Widow Mine x2  
  130  10:31  Supply Depot  
  130  10:34  Marine x2  
  130  10:35  Supply Depot  
  132  10:41  Liberator x2  
  120  10:43  SCV x3  
  120  10:49  Marine x5  
  120  10:55  SCV  
  122  11:05  Widow Mine  
  122  11:06  Widow Mine  
  123  11:15  Command Center  
  123  11:18  Marine  
  123  11:23  Marine, SCV x2  
  126  11:34  Widow Mine  
  126  11:38  Supply Depot  
  126  11:39  Supply Depot  
  128  11:41  Marine  
  128  11:42  Marine  
  128  11:46  Marine  
  128  11:54  Command Center  
  128  12:01  Marine x2  
  102  12:11  Marine x4  
  88  12:21  Marine  
  88  12:22  Marine  
  83  12:23  Unknown  
  83  12:24  Unknown x3  
  83  12:25  Medivac, SCV x2  
  87  12:37  SCV  
  87  12:39  Marine x3  
  87  12:44  Marine x5  
  91  12:48  Marine  
  95  12:57  Marine x3  
  98  13:01  Marine  
  99  13:06  Marine x4  
  99  13:07  Widow Mine  
Tags
 
Add a new tag
Caveats
  • Supply blocks, unpowered buildings, or Contaminate may cause inaccurate times.
  • Supply counts are checked every 10 seconds.